 Dungeon Crawl Stone Soup version 0.28.0 (webtiles) character file.

Game seed: 15726165335957725832

2666 hawla the Arsonist (level 9, -2/52 HPs)
             Began as a Deep Elf Fire Elementalist on Feb 16, 2022.
             Was an Initiate of Vehumet.
             Slain by a manticore (4 damage)
             ... on level 7 of the Dungeon on Feb 17, 2022.
             The game lasted 00:31:38 (8665 turns).

hawla the Arsonist (Deep Elf Fire Elementalist)     Turns: 8665, Time: 00:31:39

Health: -2/52      AC:  7    Str:  5    XL:     9   Next: 37%
Magic:  15/21      EV: 14    Int: 31    God:    Vehumet [......]
Gold:   312        SH:  0    Dex: 15    Spells: 10/22 levels left

rFire   + . .      SeeInvis .   i - +0 dagger (elec)
rCold   + . .      Faith    .   (no shield)
rNeg    + . .      Spirit   .   w - +2 robe {Will+}
rPois   +          Reflect  .   l - +0 helmet "Ettiany" {rPois Regen+}
rElec   .          Harm     .   (no cloak)
rCorr   .          Rampage  .   f - +1 pair of gloves
Will    +....                   (no boots)
Stlth   ++++......              (no amulet)
HPRegen 0.97/turn               h - ring "Ohum" {rF+ rC+ rN+ Stlth+}
MPRegen 0.17/turn               s - +6 ring of intelligence

@: mighty
A: wild magic 1, MP-powered wands
a: Renounce Religion


You were on level 7 of the Dungeon.
You worshipped Vehumet.
Vehumet was noncommittal.
You visited 2 branches of the dungeon, and saw 8 of its levels.
You also visited: Sewer.

You collected 312 gold pieces.

Inventory:

Hand Weapons
 i - a +0 dagger of electrocution (weapon)
Missiles
 k - 19 poisoned darts (quivered)
 t - 5 javelins
 u - 10 atropa-tipped darts
 y - 3 boomerangs
Armour
 f - a +1 pair of gloves (worn)
 l - the +0 helmet "Ettiany" (worn) {rPois Regen+}
   (You found it on level 2 of the Dungeon)

   rPois:     It protects you from poison.
   Regen:     It increases your rate of health regeneration.
 w - a +2 robe of willpower (worn)
Jewellery
 a - a ring of see invisible
 h - the ring "Ohum" (left hand) {rF+ rC+ rN+ Stlth+}
   (You found it on level 2 of the Dungeon)

   [ring of protection from fire]

   rF:        It protects you from fire.
   rC:        It protects you from cold.
   rN:        It protects you from negative energy.
   Stlth:     It makes you more stealthy.
 s - a +6 ring of intelligence (right hand)
 B - an amulet of the acrobat
Wands
 e - a wand of flame (44)
Scrolls
 b - 3 scrolls of immolation
 c - 2 scrolls of enchant armour
 o - a scroll of blinking
 v - 2 scrolls of teleportation
 x - 3 scrolls of fog
Potions
 d - a potion of mutation
 g - 2 potions of heal wounds {unknown}
 j - a potion of attraction {unknown}
 m - 3 potions of might
 n - 3 potions of resistance {unknown}
 p - a potion of experience {unknown}
 q - a potion of haste {unknown}
 r - a potion of berserk rage {unknown}
 z - a potion of lignification {unknown}
 A - a potion of cancellation {unknown}


   Skills:
 - Level 4.0 Fighting
 + Level 4.9 Throwing
 - Level 5.0 Dodging
 - Level 4.0 Stealth
 + Level 7.2 Spellcasting
 - Level 4.0 Conjurations
 - Level 3.0 Necromancy
 - Level 1.0 Transmutations
 - Level 8.0 Fire Magic
 - Level 1.0 Earth Magic


You had 10 spell levels left.
You knew the following spells:

 Your Spells              Type           Power      Damage    Failure   Level
a - Foxfire               Conj/Fire      100%       2x1d9     1%          1
b - Scorch                Fire           100%       2d10      1%          2
c - Flame Wave            Conj/Fire      58%        2d11      6%          4
d - Conjure Flame         Conj/Fire      58%        6-21      2%          3
e - Passwall              Tmut/Erth      18%        N/A       7%          2

Your spell library contained the following spells:

 Spells                   Type           Power      Damage    Failure   Level
 Animate Skeleton         Necr           76%        N/A       2%          1
 Pain                     Necr           100%       1d9       2%          1
 Inner Flame              Hex/Fire       46%        N/A       4%          3
 Vampiric Draining        Necr           38%        2d8       6%          3
 Ensorcelled Hibernation  Hex/Ice        28%        N/A       11%         2
 Gell's Gravitas          Tloc           14%        N/A       19%         3
 Lesser Beckoning         Tloc           14%        N/A       19%         3
 Swiftness                Air            14%        N/A       19%         3
 Teleport Other           Tloc           14%        N/A       19%         3


Dungeon Overview and Level Annotations

Branches:
Dungeon (7/15)             Temple (1/1) D:6           Sewer (visited)

Altars:
Ashenzari
Cheibriados
Dithmenos
Fedhas
Gozag
Hepliaklqana
Kikubaaqudgha
Makhleb
Nemelex Xobeh
Okawaru
Qazlal
Ru
Trog
Uskayaw
Vehumet
Wu Jian
Xom
Yredelemnul
Zin

Shops:
D:2 :   D:6 *

Annotations:
D:5 1 runed translucent door, psuckher's ghost, weakling DjDe


Innate Abilities, Weirdness & Mutations

Your spells are a little harder to cast, but a little more powerful.
You expend magic power (3 MP) to strengthen your wands.


Message History

Vehumet accepts your kill.
The foxfire hits the manticore.
The manticore is lightly wounded.
An orc comes into view. It is wielding a +0 short sword.
Casting: Foxfire (safe; 1% risk of failure)
Confirm with . or Enter, or press ? or * to list all spells.
Flames lash the manticore.
The manticore is lightly wounded.
The manticore's fire resistance burns away.
The manticore bites you but does no damage.
The manticore barely misses you. The manticore claws you.
Casting: Scorch (safe; 1% risk of failure)
Confirm with . or Enter, or press ? or * to list all spells.
Flames lash the manticore.
The manticore is burned terribly!
The manticore is moderately wounded.
A wyvern comes into view.
The manticore bites you!! The manticore claws you!
The manticore claws you but does no damage.
Casting: Scorch (safe; 1% risk of failure)
Confirm with . or Enter, or press ? or * to list all spells.
You conjure some foxfire!
The manticore completely misses you. The manticore misses you.
The manticore claws you but does no damage.
It was a potion of mutation.
You feel extremely strange.
You feel less in control of your magic.
You feel your magical essence link to the dungeon's wands.
The foxfire hits the manticore.
The manticore is moderately wounded.
The foxfire hits the manticore but does no damage.
The manticore is moderately wounded.
The manticore closely misses you. The manticore claws you.
* * * LOW HITPOINT WARNING * * *
The manticore claws you!
* * * LOW HITPOINT WARNING * * *
It was a potion of might.
You feel very mighty all of a sudden. The manticore completely misses you.
The manticore claws you but does no damage.
The manticore claws you.
You die...

....#... #........
........... ###........
......#.#..# ...........#
#......##...#
#..........##.... #.......
.......$..........#.......
.........†l...............
#....#...oH.....[..##.....
.........@....... #....<#
..........§...............
.........<#...............
........###............#..
...)..............#.....##
......#.#......#.##.....##
####.####...##.#.##......#
#.. #...###...#........
#########.................


You could see a manticore (combustible), a wyvern and an orc.

Vanquished Creatures
  Prince Ribbit (D:6)
  A water moccasin (D:5)
  An orc warrior (D:6)
  A sky beast (D:7)
  A black bear (D:6)
  A necrophage (D:7)
  2 centaurs
  3 ogres (D:6)
  3 bullfrogs
  2 scorpions
  A bullfrog zombie (D:6)
  A centaur zombie (D:6)
  4 jellies
  A gnoll shaman (D:5)
  8 orc priests
  A bullfrog skeleton (D:6)
  3 hounds
  2 iguanas
  10 orc wizards
  A killer bee zombie (D:6)
  A hound zombie (D:5)
  8 gnolls
  A howler monkey skeleton (D:6)
  9 river rats (Sewer)
  5 adders
  A white imp (D:7)
  An adder skeleton (D:5)
  4 worms
  3 dart slugs
  24 orcs
  12 ball pythons
  8 bats
  6 endoplasms
  6 giant cockroaches
  6 goblins
  13 hobgoblins
  2 quokkas (D:2)
  3 frilled lizards
  20 kobolds
  21 rats
202 creatures vanquished.

Vanquished Creatures (others)
  361 foxfires
361 creatures vanquished.

Grand Total: 563 creatures vanquished

Notes
Turn   | Place    | Note
-------+----------+-------------------------------------------
     0 | D:1      | hawla the Deep Elf Fire Elementalist began the quest for
                  | the Orb.
     0 | D:1      | Reached XP level 1. HP: 10/10 MP: 6/6
   121 | D:1      | Reached XP level 2. HP: 15/15 MP: 6/8
   131 | D:1      | Learned a level 2 spell: Scorch
   750 | D:1      | Found a faded altar of an unknown god.
   754 | D:1      | Reached XP level 3. HP: 20/20 MP: 5/9
  1038 | D:2      | Identified the ring "Ohum" {rF+ rC+ rN+ Stlth+}
  1213 | D:2      | Reached skill level 1 in Fighting
  1213 | D:2      | Reached XP level 4. HP: 20/25 MP: 5/11
  1259 | D:2      | Reached skill level 4 in Fire Magic
  1521 | D:2      | Found Muidi's Book Emporium.
  1639 | D:2      | Identified the +0 helmet "Ettiany" {rPois Regen+}
  1950 | D:2      | Reached XP level 5. HP: 29/29 MP: 10/13
  2332 | D:3      | Found a shimmering altar of Xom.
  2710 | D:3      | Found a sparkling altar of Nemelex Xobeh.
  2771 | D:3      | Found a glowing drain.
  2782 | Sewer    | Entered a sewer
  2788 | Sewer    | Learned a level 4 spell: Flame Wave
  3330 | Sewer    | Reached XP level 6. HP: 32/34 MP: 2/14
  4269 | D:4      | Reached skill level 5 in Dodging
  4392 | D:4      | Reached skill level 5 in Fire Magic
  4399 | D:4      | Reached skill level 1 in Throwing
  4649 | D:4      | Reached XP level 7. HP: 27/40 MP: 2/15
  5234 | D:4      | Learned a level 3 spell: Conjure Flame
  5237 | D:4      | Learned a level 2 spell: Passwall
  5379 | D:5      | Entered Level 5 of the Dungeon
  5531 | D:5      | Found a runed translucent door.
  5536 | D:5      | Noticed a troll
  5536 | D:5      | Noticed psuckher's ghost (weakling DjDe)
  5569 | D:5      | Reached skill level 1 in Transmutations
  5569 | D:5      | Reached skill level 1 in Earth Magic
  5766 | D:5      | Found a bloodstained altar of Trog.
  6098 | D:5      | Reached XP level 8. HP: 47/47 MP: 8/17
  6117 | D:5      | Reached skill level 1 in Necromancy
  6389 | D:5      | Reached skill level 5 in Spellcasting
  6620 | D:6      | Found Tequlam's Tempting Trifles.
  6693 | D:6      | Noticed Prince Ribbit
  6700 | D:6      | Killed Prince Ribbit
  6701 | D:6      | Reached skill level 6 in Fire Magic
  7107 | D:6      | Reached skill level 7 in Fire Magic
  7193 | D:6      | Found a staircase to the Ecumenical Temple.
  7200 | Temple   | Entered the Ecumenical Temple
  7331 | Temple   | Became a worshipper of Vehumet
  7793 | D:6      | Reached skill level 8 in Fire Magic
  7902 | D:6      | Reached XP level 9. HP: 52/52 MP: 12/19
  8637 | D:7      | Found a shadowy altar of Dithmenos.
  8654 | D:7      | Noticed a manticore
  8664 | D:7      | Gained mutation: Your spells are a little harder to cast,
                  | but a little more powerful. [potion of mutation]
  8664 | D:7      | Gained mutation: You expend magic power (3 MP) to
                  | strengthen your wands. [potion of mutation]
  8664 | D:7      | HP: 1/52 [manticore (11)]
  8665 | D:7      | Slain by a manticore

Illustrated notes

Levels and vault maps discovered:
D:1:      amcnicky_arrival_double_pillar, layout_rooms,
          shapermc_ecumenical_altar_acropolis, chequers_serial_rivers_micro_a
D:2:      layout_loops_ring, serial_shops, shop_fountains,
          minmay_misc_feat_diagonals, minmay_fountain_box,
          chequers_serial_rivers_room_b, minmay_misc_feat_rows, minmay_between
D:3:      layout_rooms, nemelex_spade_bored_becter, mainiacjoe_overflow_paths,
          cheibrodos_sewer_entry_bend
D:4:      layout_basic, due_unseen_surprise
D:5:      layout_loops_cross, mainiacjoe_overflow_small_starburst,
          ebering_ghost_inner_flame
D:6:      layout_gridville, minmay_temple_entry_nine_rooms,
          nicolae_alphabet_shops, nicolae_benzene_ring,
          kennysheep_generic_room_5, uniq_prince_ribbit1
D:7:      layout_cave_pools, kennysheep_little_box, guppyfry_shop_venom,
          uniq_crazy_yiuf_cottage
Temple:   regret_index_temple_waves

Skill      XL: |  1  2  3  4  5  6  7  8  9 |
---------------+----------------------------+-----
Stealth        | 3 4 |  4.0
Dodging        | 3 4 5 |  5.0
Fighting       | 1 2 3 4 |  4.0
Conjurations   | 2 3 4 |  4.0
Spellcasting   | 4 5 7 |  7.2
Fire Magic     | 4 5 8 |  8.0
Throwing       | 1 3 4 |  4.9
Transmutations | 1 |  1.0
Earth Magic    | 1 |  1.0
Necromancy     | 3 |  3.0

Action                   |  1- 3 |  4- 6 |  7- 9 || total
-------------------------+-------+-------+-------++-------
Melee: Unarmed           |     2 |       |       ||     2
       Dagger            |       |    11 |    37 ||    48
       Punch             |       |       |     1 ||     1
 Cast: Foxfire           |    41 |    90 |    72 ||   203
       Scorch            |     8 |    61 |    68 ||   137
       Conjure Flame     |       |       |     7 ||     7
       Passwall          |       |       |     2 ||     2
       Flame Wave        |       |       |     4 ||     4
  Use: Scroll            |     1 |     6 |     2 ||     9
       Potion            |       |       |     2 ||     2
Armor: Robe              |     3 |    21 |    32 ||    56
Dodge: Dodged            |     5 |    78 |    86 ||   169
